 Dungeon Crawl Stone Soup version 0.18-a0-1060-g4fac74f (webtiles) character file.

23 namelastname112 the Magician (level 2, -2/22 HPs)
             Began as a Draconian Wizard on Jan 13, 2016.
             Slain by an adder (5 damage)
             ... on level 2 of the Dungeon.
             The game lasted 00:01:28 (860 turns).

namelastname112 the Magician (Draconian Wizard)      Turns: 860, Time: 00:01:29

Health: -2/22      AC:  4    Str:  9    XL:     2   Next: 75%
Magic:  1/6        EV: 12    Int: 16    God:
Gold:   70         SH:  0    Dex:  9    Spells: 1 memorised, 6 levels left

rFire  . . .     SeeInvis .     (no weapon)
rCold  . . .     Gourm    .     (armour unavailable)
rNeg   . . .     Faith    .     (no shield)
rPois  .         Spirit   .     a - +0 hat
rElec  .         Dismiss  .     (no cloak)
rCorr  .         Reflect  .     (no gloves)
SustAt +         Harm     .     (no boots)
MR     .....                    (no amulet)
Stlth  ++........               f - ring of flight
                                h - ring of sustain attributes

@: lethally poisoned (-2 -> -4), very slightly contaminated, not resistant to
hostile enchantments, unstealthy
A: unfitting armour, dopey 1, regeneration 1, cold-blooded, MP-powered wands, AC
+4
a: Evoke Flight


You were on level 2 of the Dungeon.
You were not hungry.

You visited 1 branch of the dungeon, and saw 2 of its levels.

You collected 70 gold pieces.

Inventory:

Armour
 a - a +0 hat (worn)
Jewellery
 f - a ring of flight (right hand)
 h - a ring of sustain attributes (left hand)
Scrolls
 d - a scroll of immolation {unknown}
 j - 3 scrolls of remove curse {unknown}
 k - 2 scrolls of identify {unknown}
 o - a scroll of teleportation {unknown}
Potions
 g - a potion of curing {unknown}
 i - a potion of heal wounds {unknown}
 n - a potion of flight {unknown}
Books
 b - a book of Minor Magic

   Spells                             Type                      Level
   a - Magic Dart                     Conjuration                  1
   b - Blink                          Translocation                2
   c - Call Imp                       Summoning                    2
   d - Repel Missiles                 Charms/Air                   2
   e - Slow                           Hexes                        2
   f - Conjure Flame                  Conjuration/Fire             3
   g - Mephitic Cloud                 Conjuration/Poison/Air       3
Comestibles
 c - 2 bread rations
 l - a beef jerky
 m - 3 fruits


   Skills:
 + Level 0.9 Fighting
 + Level 2.2 Dodging
 * Level 2.5 Stealth
 - Level 3.0 Spellcasting
 - Level 1.0 Conjurations
   Level 1.0 Summonings
   Level 1.0 Translocations


You had 6 spell levels left.
You knew the following spells:

 Your Spells              Type           Power        Failure   Level  Hunger
z - Magic Dart            Conj           #...         14%         1    #......


Dungeon Overview and Level Annotations

Branches:
Dungeon (2/15)

Altars:
Yredelemnul


Innate Abilities, Weirdness & Mutations

Your plain brown scales are hard (AC +4).
Your body does not fit into most forms of armour.
You are cold-blooded and may be slowed by cold attacks.
You are dopey. (Int -2)
Your natural rate of healing is unusually fast.
You expend magic power (3 MP) to strengthen your wands.


Message History

You completely miss the adder.
The adder is almost dead.
You feel sick. The adder bites you.
You are lethally poisoned!
The adder poisons you!
You closely miss the adder.
The adder is almost dead.
You feel sick. The adder barely misses you.
You hit the adder.
The adder is almost dead.
The adder bites you.
* * * LOW HITPOINT WARNING * * *
The adder completely misses you.
Drink which item? (? for menu, Esc to quit)
It was a potion of mutation.
You feel extremely strange.
You feel your magical essence link to your wands.
You begin to heal more quickly.
You feel stupid.
* * * LOW HITPOINT WARNING * * *
You feel sick. The adder bites you.
You die...

##..# #...# #...#
#...♣# ♣♣ #.#..♣#
⌠.⌠
#..#♣..♣♣♣♣♣♣.._.
#..##♣...........
#... ♣...........
#... #♣..@S......
#.# ♣♣.........
#♣♣....♣♣♣ ♣♣♣♣♣


You could see an adder.

Vanquished Creatures
  A giant gecko (D:1)
  A ball python (D:1)
  5 giant cockroaches
  2 hobgoblins (D:1)
  A quokka (D:2)
  4 bats (D:1)
  A giant newt (D:2)
  3 kobolds
  3 rats (D:1)
21 creatures vanquished.

Notes
Turn   | Place    | Note
--------------------------------------------------------------
     0 | D:1      | namelastname112 the Draconian Wizard began the quest for the Orb.
     0 | D:1      | Reached XP level 1. HP: 14/14 MP: 4/4
   223 | D:1      | Reached XP level 2. HP: 20/22 MP: 0/6
   848 | D:2      | Found a basalt altar of Yredelemnul.
   860 | D:2      | Gained mutation: You expend magic power (3 MP) to strengthen your wands. [potion of mutation]
   860 | D:2      | Gained mutation: Your natural rate of healing is unusually fast. [potion of mutation]
   860 | D:2      | Gained mutation: You are dopey. (Int -2) [potion of mutation]
   860 | D:2      | Slain by an adder

Vault maps used:
D:1:      eino_arrival_water_star
D:2:      grunt_temple_overflow_forces_of_nature, kennysheep_ying_yang

Action                   || total
-------------------------++-------
Melee: Unarmed           ||    25
 Cast: Magic Dart        ||    48
  Use: Potion            ||     1
 Stab: Sleeping          ||     1
